 Dungeon Crawl Stone Soup version 0.28.0 (webtiles) character file.

Game seed: 3844522122818184170

476 GrayStillPlays the Skirmisher (level 6, -5/55 HPs)
             Began as a Draconian Fighter on Feb 7, 2022.
             Slain by a black bear (10 damage)
             ... on level 5 of the Dungeon.
             The game lasted 00:09:24 (5647 turns).

GrayStillPlays the Skirmisher (Draconian Fighter)   Turns: 5647, Time: 00:09:24

Health: -5/55      AC:  9    Str: 18    XL:     6   Next: 84%
Magic:  10/10      EV: 12    Int: 10    God:
Gold:   246        SH:  4    Dex: 11    Spells: 10/10 levels left

rFire   . . .      SeeInvis .   a - +0 war axe {axe}
rCold   . . .      Faith    .   b - +0 buckler
rNeg    . . .      Spirit   .   (armour unavailable)
rPois   .          Reflect  .   (helmet restricted)
rElec   .          Harm     .   g - +2 cloak
rCorr   .          Rampage  .   (no gloves)
Will    .....                   (no boots)
Stlth   +.........              (no amulet)
HPRegen 0.18/turn               (no ring)
MPRegen 0.12/turn               (no ring)

@: no status effects
A: AC +6, unfitting armour, cold-blooded
a: no special abilities


You were on level 5 of the Dungeon.
You visited 1 branch of the dungeon, and saw 5 of its levels.

You collected 246 gold pieces.


Innate Abilities, Weirdness & Mutations

Your plain brown scales are hard. (AC +6)
You cannot fit into any form of body armour.
You are cold-blooded and may be slowed by cold attacks.


   Skills:
 + Level 4.9 Fighting
 + Level 3.8 Axes
 + Level 4.0 Dodging
 - Level 4.0 Shields
 + Level 2.7 Spellcasting


You had 10 spell levels left.
You didn't know any spells.
Your spell library contained the following spells:

 Spells                   Type           Power      Damage    Failure   Level
 Tukima's Dance           Hex            1%         N/A       73%         3
 Anguish                  Hex/Necr       0%         N/A       98%         4
 Enfeeble                 Hex            0%         N/A       100%        7

Inventory:

Hand Weapons
 a - a +0 war axe (weapon) {axe}
 k - a +4 dagger {short}
   (You found it on level 2 of the Dungeon)
 r - a +3 flail {mace}
   (You took it off a wight on level 4 of the Dungeon)
 w - a +1 dagger {short}
   (You took it off a wight on level 4 of the Dungeon)
Missiles
 h - 161 stones (quivered) {throwing}
 q - 4 boomerangs {throwing}
 u - 33 arrows
 x - 10 sling bullets
Armour
 b - a +0 buckler (worn)
 g - a +2 cloak (worn)
   (You found it on level 1 of the Dungeon)
Wands
 s - a wand of flame (16)
   (You found it on level 4 of the Dungeon)
Scrolls
 f - 3 scrolls of identify {@r1}
 i - 3 scrolls of summoning {unknown}
 l - a scroll of magic mapping {unknown}
 m - a scroll of enchant armour {unknown}
 p - a scroll of brand weapon {unknown}
Potions
 c - 2 potions of might
 d - 3 potions of lignification {!q}
 e - 2 potions of attraction {!q}
 j - a potion of flight {unknown}
 n - a potion of curing {unknown}
 o - a potion of brilliance {unknown}
 t - 2 potions of heal wounds {unknown}
 v - a potion of ambrosia {unknown}

Dungeon Overview and Level Annotations

Branches:
Dungeon (5/15)
 Temple: D:4-7

Altars:
Ashenzari
Qazlal
Sif Muna
Xom

#### ...## ###### ###
....########..... ..#
.............##### #.#
##.#..........lh.# #.#
###.#.#.###.###@# #####.##
#.....# #.# #.# #......######
#.#.#.# #.# #.# #.###.......#
#.....# #.###.####.####.####.#
###...###...........# #.# #.#
###..###..###.####..# #.# #.#
#.....##.## #.# #..###.# ##.#
####.#.#.##.## #.# #....#.###..#
#........#...###.####.##.#......#


You could see a black bear (berserk) and an iguana.


Message History

😕 HP[+1]
You closely miss the iguana. You block the iguana's attack.
You slash the iguana!
You kill the iguana!
Your life force feels restored.
You now have 55 max hp (+1).
You see here an iguana corpse. 😕 HP[+1]
You see here an iguana corpse.
h - 161 stones {throwing} (gained 7)
You open the door.
Found a stormy altar of Qazlal and a broken altar of Ashenzari. 😎 HP[+2]
Your hp is fully restored (55).
Found a shimmering altar of Xom.
A black bear comes into view.
A black bear is nearby!
The black bear growls angrily.
An iguana comes into view.
The black bear completely misses you. You block the black bear's attack.
The black bear claws you. 😕 HP[-4]
You take 4 damage, and now have 51/55 hp.
You slash the black bear! The black bear bites you.
The black bear claws you. x2
The black bear closely misses you.
The black bear claws you but does no damage.
You block the black bear's attack. 😕 HP[-6]
You take 6 damage, and now have 45/55 hp.
You slash the black bear!
You tail-slap the black bear, but do no damage.
You barely miss the iguana.
The black bear goes berserk!
You block the iguana's attack. The black bear bites you.
The black bear completely misses you. x2 😕 HP[-1]
You take 1 damage, and now have 44/55 hp.
You block the black bear's attack. x2
The black bear claws you but does no damage. 😕 HP[+1]
The black bear bites you. The black bear claws you.
You block the black bear's attack. 😮 HP[-5]
You take 5 damage, and now have 40/55 hp.
The black bear closely misses you. x2; The black bear claws you. 😮 HP[-2]
You take 2 damage, and now have 38/55 hp.
You block the black bear's attack.
The black bear claws you but does no damage. x2 😮 HP[+1]
The black bear closely misses you. You block the black bear's attack. x2
The black bear completely misses you.
The black bear claws you but does no damage.
The black bear barely misses you.
You barely miss the black bear.
You tail-slap the black bear, but do no damage.
The black bear bites you but does no damage.
The black bear barely misses you.
The black bear claws you but does no damage.
The black bear bites you but does no damage.
The black bear claws you.
You block the black bear's attack. 😮 HP[-3]
You take 3 damage, and now have 36/55 hp.
You hit the black bear. You block the black bear's attack.
The black bear claws you but does no damage.
The black bear barely misses you. You block the black bear's attack.
The black bear misses you.
The black bear claws you but does no damage. 😮 HP[+1]
You hit the black bear. The black bear bites you.
You block the black bear's attack. The black bear claws you.
The black bear bites you but does no damage.
The black bear claws you.
You block the black bear's attack. 😮 HP[-9]
You take 9 damage, and now have 28/55 hp.
You hit the black bear but do no damage.
Your tail-slap misses the black bear.
You block the black bear's attack. The black bear barely misses you.
The black bear closely misses you. x2
The black bear claws you.
* * * LOW HITPOINT WARNING * * *
You block the black bear's attack. 😨 HP[-1]
You take 1 damage, and now have 27/55 hp.
You closely miss the black bear. The black bear bites you!
* * * LOW HITPOINT WARNING * * *
The black bear claws you but does no damage. x2
The black bear bites you.
* * * LOW HITPOINT WARNING * * *
The black bear claws you.
* * * LOW HITPOINT WARNING * * *
The black bear misses you. 😱 HP[-16]
You take 16 damage, and now have 11/55 hp.
MASSIVE DAMAGE!! (PAUSE)
The black bear bites you!
* * * LOW HITPOINT WARNING * * *
The black bear barely misses you.
The black bear claws you but does no damage.
The black bear bites you!
You die...

Skill      XL: |  1  2  3  4  5  6 |
---------------+-------------------+-----
Dodging        | 3 4 |  4.0
Spellcasting   | 1 2 |  2.7
Fighting       | 4 |  4.9
Axes           | 3 |  3.8
Shields        | 4 |  4.0

Action                   |  1- 3 |  4- 6 || total
-------------------------+-------+-------++-------
Melee: War axe           |   124 |   160 ||   284
       Tailslap          |    13 |    25 ||    38
  Use: Scroll            |       |     2 ||     2
Armor: Skin              |    44 |    65 ||   109
Dodge: Dodged            |    82 |   108 ||   190
Block: Buckler           |    25 |    47 ||    72

Levels and vault maps discovered:
D:1:      dpeg_arrival_erosion, layout_loops_ring, grunt_decor_arrowhead,
          chequers_serial_rivers_marsh, kennysheep_flooded_box,
          grunt_decor_mini_mirrors
D:2:      layout_loops_corners, ebering_ecumenical_altar_abandoned, uniq_robin
D:3:      layout_basic, amcnicky_altar_gilded, kennysheep_generic_room_16
D:4:      layout_basic
D:5:      layout_loops_ring, mainiacjoe_overflow_small_starburst,
          gammafunk_temple_overflow_claw, temple_hall, serial_glass,
          glass_columns_a, glass_columns_a, grunt_ministairs_6,
          minmay_misc_feat_nine_boxes, uniq_grinder

Notes
Turn   | Place    | Note
-------+----------+-------------------------------------------
     0 | D:1      | GrayStillPlays the Draconian Fighter began the quest for
                  | the Orb.
     0 | D:1      | Reached XP level 1. HP: 19/19 MP: 1/1
     0 | D:1      | magus.rc [v1.9.6]
   231 | D:1      | Reached XP level 2. HP: 26/26 MP: 2/2
  1319 | D:2      | Reached skill level 3 in Dodging
  1319 | D:2      | Reached XP level 3. HP: 31/31 MP: 4/4
  1443 | D:2      | Reached skill level 1 in Spellcasting
  1623 | D:2      | Found a faded altar of an unknown god.
  1741 | D:2      | Noticed Robin
  1766 | D:2      | Killed Robin
  1767 | D:2      | Reached XP level 4. HP: 31/40 MP: 5/5
  2368 | D:3      | Found a shimmering blue altar of Sif Muna.
  3061 | D:3      | Reached skill level 4 in Fighting
  3721 | D:4      | Reached XP level 5. HP: 23/46 MP: 7/7
  3971 | D:4      | Reached skill level 3 in Axes
  4202 | D:4      | Reached skill level 2 in Spellcasting
  4221 | D:4      | HP: 3/42 [wight (11)]
  4243 | D:4      | HP: 1/42 [wight (5)]
  4681 | D:4      | Reached skill level 4 in Shields
  4850 | D:5      | Entered Level 5 of the Dungeon
  4868 | D:5      | Reached XP level 6. HP: 41/46 MP: 9/9
  5467 | D:5      | You pick up a book of Maledictions and begin reading...
  5467 | D:5      | You add the spells Tukima's Dance, Anguish and Enfeeble to
                  | your library.
  5496 | D:5      | Reached skill level 4 in Dodging
  5591 | D:5      | Found a stormy altar of Qazlal.
  5591 | D:5      | Found a broken altar of Ashenzari.
  5592 | D:5      | Found a shimmering altar of Xom.
  5646 | D:5      | HP: 13/55 [black bear (6)]
  5647 | D:5      | HP: 5/55 [black bear (7)]
  5647 | D:5      | Slain by a black bear

Vanquished Creatures
  A necrophage (D:5)
  A scorpion (D:5)
  2 wights (D:4)
  A centaur zombie (D:5)
  A bullfrog skeleton (D:5)
  A jelly (D:4)
  An iguana (D:5)
  Robin (D:2)
  2 adders
  A white imp (D:3)
  An adder skeleton (D:4)
  3 worms
  2 dart slugs
  4 bats
  5 endoplasms
  3 giant cockroaches
  12 goblins
  10 hobgoblins
  8 jackals
  3 quokkas
  7 ball pythons
  3 frilled lizards
  4 kobolds
  7 rats
84 creatures vanquished.

Vanquished Creatures (others)
  A goblin (D:2)
1 creature vanquished.

Grand Total: 85 creatures vanquished

Table legend:
 A = Non-vault XP
 B = Vault XP
 C = Vault XP percentage of total XP
 D = Non-vault monster count
 E = Vault monster count
 F = Vault count percentage of total count
                 A         B        C        D         E       F
            +---------+---------+-------+---------+---------+-------
      Total |     645 |      35 |   5.1 |      72 |      12 |  14.3
            +---------+---------+-------+---------+---------+-------
        D:1 |      28 |       0 |   0.0 |      16 |       0 |   0.0
        D:2 |      65 |      33 |  33.7 |      27 |      10 |  27.0
        D:3 |      24 |       2 |   7.7 |       7 |       2 |  22.2
        D:4 |     197 |       0 |   0.0 |      17 |       0 |   0.0
        D:5 |     331 |       0 |   0.0 |       5 |       0 |   0.0
            +---------+---------+-------+---------+---------+-------

Illustrated notes

Table legend:
 A = Kills in this place as a percentage of kills in entire the game.
 B = Kills by you in this place as a percentage of kills by you in the entire game.
 C = Kills by friends in this place as a percentage of kills by friends in the entire game.
 D = Other kills in this place as a percentage of other kills in the entire game.
 E = Experience gained in this place as a percentage of experience gained in the entire game.
 F = Experience gained in this place divided by the number of levels of this place that you have seen.
                   A       B       C       D       E      F
               +-------+-------+-------+-------+-------+----------------------
         Total | 100.0 | 100.0 |   N/A |   N/A | 100.0 | 136.0
       Dungeon | 100.0 | 100.0 |   N/A |   N/A | 100.0 | 136.0
               +-------+-------+-------+-------+-------+----------------------

Table legend: (Time is in decaauts)
 A = Elapsed time spent in this place.
 B = Non-inter-level travel time spent in this place.
 C = Inter-level travel time spent in this place.
 D = Time resting spent in this place.
 E = Time spent auto-exploring this place.
 F = Levels seen in this place.
 G = Mean time per level.
                   A        B        C        D        E       F      G
               +--------+--------+--------+--------+--------+-----+--------+
         Total |   5769 |   5473 |    296 |    670 |   3720 |   5 | 1153.8 |
       Dungeon |   5769 |   5473 |    296 |    670 |   3720 |   5 | 1153.8 |
               +--------+--------+--------+--------+--------+-----+--------+

Top non-repeatable levels by time:
     D:3: 1492 daAuts
     D:2: 1367 daAuts
     D:4: 1054 daAuts
     D:1: 1039 daAuts
     D:5: 815 daAuts
